 Dungeon Crawl Stone Soup version 0.29.0-13-gc9e81de378 (webtiles) character file.

Game seed: 14939400328133226702

186479 pdpol the Brawler (level 16, -8/141 (162) HPs)
             Began as a Troll Gladiator on Sept 9, 2022.
             Was the Champion of Ru.
             Killed by the air
             ... invoked by a wind drake
              (22 damage)
             ... on level 4 of the Shoals on Sept 10, 2022.
             The game lasted 01:45:26 (29269 turns).

pdpol the Brawler (Troll Gladiator)                Turns: 29269, Time: 01:45:27

HP:   -8/141 (162)  AC: 11    Str: 32    XL:     16   Next: 43%
MP:   10/15         EV:  8    Int:  4    God:    Ru [******]
Gold: 1532          SH: 25    Dex: 11    Spells: 15/15 levels left

rFire   + + .      SeeInvis .     - Unarmed
rCold   x . .      Faith    .   S - +2 tower shield {reflect}
rNeg    + . .      Spirit   .   X - +0 fire dragon scales
rPois   +          Reflect  +   x - -2 hat of the Alchemist {rElec rPois rF+ rC+ rN+ Will+ rMut rCorr}
rElec   +          Harm     .   l - +0 cloak
rCorr   +          Rampage  .   (gloves unavailable)
rMut    +                       (boots unavailable)
Will    +....                   B - amulet of reflection
Stlth   ..........              A - +4 ring of slaying
HPRegen 1.13/turn               N - +4 ring of slaying
MPRegen 0.14/turn

@: exhausted, heavily drained
A: large, unfitting armour, claws 3, regeneration 1, shaggy fur 1, tough skin 1,
no conjurations magic, no poison magic, no transmutations magic, weak-willed 1,
inexperienced 1, temperature sensitive
}: 1/15 runes: serpentine
a: Renounce Religion, Draw Out Power, Power Leap, Apocalypse


You were on level 4 of the Shoals.
You worshipped Ru.
Ru was exalted by your worship.
You visited 6 branches of the dungeon, and saw 31 of its levels.

You collected 2759 gold pieces.
You spent 1227 gold pieces at shops.

Inventory:

Missiles
 c - 4 throwing nets {=f}
 d - 27 large rocks {!d}
 h - 40 poisoned darts
 q - 17 boomerangs (quivered)
 D - 7 boomerangs of dispersal {=f}
 E - 2 silver boomerangs
 P - 5 curare-tipped darts
 Q - 104 stones
Armour
 l - a +0 cloak (worn)
 x - the -2 hat of the Alchemist (worn) {rElec rPois rF+ rC+ rN+ Will+ rMut rCorr}
   (You bought it in a shop on level 2 of the Orcish Mines)

   rF:        It protects you from fire.
   rC:        It protects you from cold.
   rElec:     It insulates you from electricity.
   rPois:     It protects you from poison.
   rN:        It protects you from negative energy.
   rCorr:     It protects you from acid and corrosion.
   rMut:      It protects you from mutation.
   Will:      It increases your willpower.
 S - a +2 tower shield of reflection (worn)
 X - +0 fire dragon scales (worn)
Jewellery
 A - a +4 ring of slaying (left claw)
 B - an amulet of reflection (around neck)
 N - a +4 ring of slaying (right claw)
Wands
 f - a wand of flame (5)
 r - a wand of roots (28)
 y - a wand of polymorph (6)
 z - a wand of light (12)
 V - a wand of mindburst (6)
 W - a wand of charming (11)
Scrolls
 a - 4 scrolls of noise {!r}
 i - 6 scrolls of identify
 j - 4 scrolls of fear
 k - 4 scrolls of enchant armour
 m - 4 scrolls of magic mapping {!r}
 n - 5 scrolls of immolation {!r}
 s - 2 scrolls of butterflies
 t - 12 scrolls of teleportation
 G - a scroll of silence
 J - 4 scrolls of vulnerability {!r!r}
 K - a scroll of acquirement
 O - a scroll of enchant weapon
 R - a scroll of blinking {!r}
 T - a scroll of poison
 Y - a scroll of torment {!r}
 Z - a scroll of brand weapon
Potions
 b - 2 potions of brilliance
 e - 7 potions of flight
 o - 11 potions of curing
 p - 4 potions of magic
 u - 2 potions of might
 v - 3 potions of ambrosia
 w - 4 potions of attraction {!q}
 C - 3 potions of lignification {!q}
 F - a potion of resistance
 H - 2 potions of mutation {!q}
 I - 2 potions of berserk rage {!q}
 L - 3 potions of heal wounds
 M - a potion of haste
 U - 2 potions of cancellation
Miscellaneous
 g - a phantom mirror


   Skills:
 + Level 11.1 Fighting
 + Level 12.1 Throwing
 * Level 5.9 Armour
 * Level 5.4 Dodging
 - Level 15.0 Shields
 * Level 15.3 Unarmed Combat
 - Level 10.0 Evocations


You had 15 spell levels left.
You didn't know any spells.
Your spell library contained the following spells:

 Spells                   Type           Power      Damage    Failure   Level
 Blink                    Tloc           0%         N/A       99%         2
 Sublimation of Blood     Necr           0%         N/A       99%         2
 Inner Flame              Hex/Fire       0%         N/A       100%        3
 Lesser Beckoning         Tloc           0%         N/A       100%        3
 Ozocubu's Armour         Ice            0%         N/A       100%        3
 Tukima's Dance           Hex            0%         N/A       100%        3
 Animate Dead             Necr           0%         N/A       100%        4
 Dispel Undead            Necr           0%         3d6       100%        4
 Passage of Golubria      Tloc           0%         N/A       100%        4
 Summon Ice Beast         Ice/Summ       0%         N/A       100%        4
 Borgnjor's Vile Clutch   Necr/Erth      0%         N/A       100%        5
 Manifold Assault         Tloc           0%         N/A       100%        5
 Summon Mana Viper        Hex/Summ       0%         N/A       100%        5
 Death Channel            Necr           0%         N/A       100%        6
 Simulacrum               Ice/Necr       0%         N/A       100%        6
 Malign Gateway           Summ/Tloc      0%         N/A       100%        7
 Monstrous Menagerie      Summ           0%         N/A       100%        7
 Ozocubu's Refrigeration  Ice            0%         4d7       100%        7
 Summon Horrible Things   Summ           0%         N/A       100%        8
 Polar Vortex             Ice            0%         N/A       100%        9
 Foxfire                  Conj/Fire      Unusable   2x1d4     N/A         1
 Shock                    Conj/Air       Unusable   1d3       N/A         1
 Static Discharge         Conj/Air       Unusable   3-3/arc   N/A         2
 Conjure Flame            Conj/Fire      Unusable   6-21      N/A         3
 Flame Wave               Conj/Fire      Unusable   2d4       N/A         4
 Hailstorm                Conj/Ice       Unusable   3d3       N/A         4
 Ice Form                 Ice/Tmut       Unusable   N/A       N/A         4
 Petrify                  Tmut/Erth      Unusable   N/A       N/A         4
 Sticky Flame             Conj/Fire      Unusable   2d3       N/A         4
 Freezing Cloud           Conj/Ice/Air   Unusable   6-21      N/A         5
 Irradiate                Conj/Tmut      Unusable   3d11      N/A         5
 Yara's Violent Unravell  Hex/Tmut       Unusable   3d3       N/A         5

Dungeon Overview and Level Annotations

Branches:
Dungeon (15/15)            Temple (1/1) D:4            Lair (5/5) D:8
 Shoals (4/4) Lair:2        Snake (4/4) Lair:2        Slime (0/5) Lair:4
    Orc (2/2) D:10            Elf (0/3) Orc:2        Vaults (0/5) D:14
 Depths (0/4) D:15

Altars:
Ashenzari
Cheibriados
Dithmenos
Elyvilon
Fedhas
Gozag
Hepliaklqana
Kikubaaqudgha
Nemelex Xobeh
Okawaru
Qazlal
Ru
Sif Muna
Uskayaw
Vehumet
Wu Jian
Xom
Yredelemnul
Zin
The Shining One
Jiyva
Lugonu

Shops:
D:8 *   Orc:1 **   Orc:2 [*[!   Shoals:2 *

Portals:
Abyss: Lair:5
Trove: D:11 (give 2 scrolls of acquirement)

Annotations:
Temple 2 transporters
Lair:5 2 transporters, LustLizard's ghost, journeyman TrFi
Shoals:3 1 runed translucent door, finalsalamander's ghost, adept HOMo


Innate Abilities, Weirdness & Mutations

You are too large for most types of armour.
You have claws for hands.
Your natural rate of healing is unusually fast.
You are covered in fur. (AC +1)
You have tough skin. (AC +1)
You cannot study or cast Conjurations magic.
You cannot study or cast Poison magic.
You cannot study or cast Transmutations magic.
You are slightly weak-willed. (Will-)
You are somewhat inexperienced. (-1 XL)
You are sensitive to extremes of temperature. (rF-, rC-)


Message History

You mangle the wind drake!! You block the wind drake's attack.
The sea snake barely misses you.
You claw the wind drake! The wind drake flaps its wings at you.
The air twists around and strikes you!!
* * * LOW HITPOINT WARNING * * *
You block the sea snake's attack. You block the wind drake's attack.
You take 17 damage, and have 21/141 hp.
You barely miss the wind drake. The sea snake barely misses you.
You block the merfolk's attack.
You scratch the wind drake.
The wind drake bites you but does no damage.
You block the sea snake's attack.
You feel much better. The wind drake flaps its wings at you.
The air twists around and strikes you!
* * * LOW HITPOINT WARNING * * *
You block the merfolk's attack. The water elemental hits you!
* * * LOW HITPOINT WARNING * * *
The sea snake bites you!
* * * LOW HITPOINT WARNING * * *
The wind drake flaps its wings at you. The air twists around and strikes you.
* * * LOW HITPOINT WARNING * * *
You take 10 damage, and have 13/141 hp.
Unknown command.
Unknown command.
You're too exhausted to unleash your apocalyptic power.
Unknown command.
Unknown command.
Okay, then.
Unknown command.
Really read
R - 2 scrolls of blinking {!r}?
Blink to where? 2 snapping turtles come into view.
As you read the scroll of blinking {!r}, it crumbles to dust.
The snapping turtle hisses angrily. x2
The wind drake flaps its wings at you. The air twists around and strikes you!!
You die...

≈≈≈≈≈~.).~~~~≈≈≈≈≈≈≈≈
≈≈≈≈~P~..§)~~~≈≈≈≈≈≈≈
≈≈≈≈~~..))k.~~~~≈≈≈≈≈
≈≈≈~~~..)SE.~~~~~≈≈≈≈
≈≈~~~P.###..m~..~~≈≈≈
≈~~~~.P ##.....~~~≈≈≈
~~~...P.#...~..~~~~≈≈
~....(....)~~...~~~~
..........@)../.~~~
..~~.....)$...t.~~~
~≈≈~~~..........~~~
~≈~~~~...###...~~~~
~≈~~.....# ...~~~~
≈≈~~..~... .......
≈≈≈≈≈~... .......
≈≈≈≈~.. ...t.


You could see a sea snake, 2 snapping turtles, a wind drake (repels missiles), a
merfolk (resistant) and a water elemental.

Vanquished Creatures
  Vashnia (Snake:2)
  Mlioglotl (Shoals:3)
  A kraken (Shoals:1)
  Gastronok (Lair:2)
  Donald (Shoals:2)
  2 nagarajas (Snake:4)
  Ilsuiw (Shoals:2)
  A caustic shrike zombie (D:15)
  A caustic shrike skeleton (D:15)
  Josephine (Shoals:1)
  A merfolk javelineer (Shoals:2)
  3 merfolk impalers (Shoals:2)
  Harold (D:10)
  4 vault guards (D:14)
  3 boulder beetles
  A catoblepas (Lair:5)
  Erica (D:9)
  8 hydras
  A salamander tyrant (Snake:4)
  6 naga warriors
  11 anacondas (Snake:4)
  2 merfolk avatars
  An alligator snapping turtle (Shoals:3)
  A satyr (Shoals:4)
  5 centaur warriors
  A merfolk aquamancer (Shoals:4)
  5 two-headed ogres
  6 death yaks
  3 tengu warriors
  10 naga sharpshooters
  3 thrashing horrors (Lair:5)
  7 shock serpents
  7 skeletal warriors
  Lodul (D:10)
  7 salamander mystics
  4 sea snakes
  4 lindwurms
  7 orc knights
  A phantasmal warrior (D:15)
  3 deep elf pyromancers
  A mana viper (shapeshifter) (D:13)
  8 mana vipers
  8 harpies
  A necromancer (D:15)
  A stone giant zombie (D:15)
  A salamander (shapeshifter) (D:15)
  14 ugly things
  An oklob plant (Lair:3)
  6 cyclopes
  14 salamanders
  6 orc sorcerers
  16 fauns
  8 manticores
  Joseph (D:9)
  A torpor snail (Lair:2)
  21 black mambas
  10 merfolk sirens
  6 guardian serpents (Snake:4)
  A stone giant skeleton (D:15)
  4 water nymphs
  11 cane toads
  11 elephants (Lair:5)
  8 naga magi
  2 gargoyles (D:12)
  3 smoke demons (Lair:5)
  Maggie (D:9)
  A tengu conjurer (D:15)
  A rime drake (Lair:3)
  2 yaktaurs (D:14)
  13 komodo dragons
  14 merfolk
  An ancient zyme (Lair:5)
  6 trolls
  3 meliai (D:12)
  4 polar bears
  5 wind drakes
  A hornet (D:9)
  3 slime creatures (D:13)
  A blink frog (shapeshifter) (D:12)
  21 blink frogs
  2 snapping turtles
  A jumping spider (shapeshifter) (D:12)
  7 wraiths
  A spriggan (Lair:5)
  Eustachio (D:5)
  2 shadows (D:12)
  2 ynoxinuls (Lair:5)
  5 wyverns
  30 yaks
  5 basilisks
  2 chaos spawn (Lair:5)
  4 water elementals
  3 steam dragons
  7 vampire mosquitoes
  Menkaure (D:6)
  3 wargs (Orc:2)
  A naga (shapeshifter) (Lair:5)
  18 nagas
  2 acid dragons
  10 water moccasins
  33 orc warriors
  A black bear (Lair:1)
  10 wolves
  15 ogres
  A phantom (D:5)
  20 centaurs
  3 kobold brigands (D:8)
  Blork the orc (D:5)
  15 bullfrogs
  A gnoll sergeant (D:6)
  3 scorpions
  8 small abominations (Lair:5)
  4 wights (D:8)
  7 killer bees (D:9)
  3 howler monkeys
  A vampire bat (Orc:1)
  6 electric eels (D:8)
  8 hounds
  A jelly (D:5)
  9 orc priests
  2 gnoll boudas
  4 iguanas
  24 orc wizards
  11 gnolls
  9 adders
  2 shadow imps (D:7)
  A white imp (D:7)
  An ufetubus (D:7)
  2 dart slugs
  69 orcs
  11 bats
  7 endoplasms
  5 giant cockroaches
  7 goblins
  6 hobgoblins
  3 jackals (D:1)
  A quokka (D:1)
  8 ball pythons
  2 frilled lizards
  14 kobolds
  A rat (D:1)
  4 tentacles (Shoals:1)
821 creatures vanquished.

Vanquished Creatures (collateral kills)
  2 killer bees (D:8)
  An adder (D:3)
3 creatures vanquished.

Vanquished Creatures (others)
  2 hydras
  A naga warrior (Snake:4)
  Sonja (D:10)
  A guardian serpent (Snake:4)
  A naga (Snake:1)
  A wolf (Lair:2)
  2 centaurs (D:14)
  A killer bee (D:9)
  An adder (D:3)
  3 orcs
  3 kobolds (D:8)
  18 fungi
  102 plants
  8 tentacles (Shoals:1)
  3 withered plants (D:15)
148 creatures vanquished.

Grand Total: 972 creatures vanquished

Notes
Turn   | Place    | Note
-------+----------+-------------------------------------------
     0 | D:1      | pdpol the Troll Gladiator began the quest for the Orb.
     0 | D:1      | Reached XP level 1. HP: 19/19 MP: 0/0
   275 | D:1      | Reached XP level 2. HP: 27/27 MP: 1/1
   449 | D:1      | Found a faded altar of an unknown god.
   477 | D:1      | Got Plato's Handbook of Conjury
   523 | D:1      | Reached XP level 3. HP: 33/33 MP: 2/2
  1213 | D:2      | Found an ancient bone altar of Kikubaaqudgha.
  2038 | D:3      | Found a hazy altar of Hepliaklqana.
  2051 | D:3      | Reached skill level 5 in Unarmed Combat
  2051 | D:3      | Reached XP level 4. HP: 42/42 MP: 3/3
  2399 | D:4      | Found a staircase to the Ecumenical Temple.
  2411 | Temple   | Entered the Ecumenical Temple
  2411 | Temple   | Found a transporter.
  2411 | Temple   | Found a transporter.
  2413 | Temple   | Found a transporter.
  2413 | Temple   | Found a transporter.
  2426 | Temple   | Became a worshipper of Ru the Awakened
  2525 | D:4      | Reached XP level 5. HP: 49/52 MP: 4/4
  2676 | D:4      | Noticed an orc warrior
  2692 | D:4      | Killed an orc warrior
  2693 | D:4      | Reached XP level 6. HP: 40/62 MP: 5/5
  2897 | D:4      | Found a shimmering altar of Xom.
  3097 | D:5      | Entered Level 5 of the Dungeon
  3116 | D:5      | Reached skill level 5 in Fighting
  3138 | D:5      | Identified the +0 pair of boots of Eternal Vigilance {Fly
                  | rPois Dex+6}
  3181 | D:5      | Reached XP level 7. HP: 70/72 MP: 6/6
  3315 | D:5      | Noticed Eustachio
  3328 | D:5      | Killed Eustachio
  3373 | D:5      | Gained mutation: You cannot study or cast Poison magic. [Ru
                  | sacrifice]
  3373 | D:5      | Gained mutation: You cannot study or cast Transmutations
                  | magic. [Ru sacrifice]
  3373 | D:5      | Gained mutation: You cannot study or cast Conjurations
                  | magic. [Ru sacrifice]
  3373 | D:5      | Reached * piety under Ru
  3403 | D:5      | Noticed Blork the orc
  3415 | D:5      | Killed Blork the orc
  3588 | D:5      | Reached XP level 8. HP: 80/80 MP: 7/7
  4517 | D:6      | Noticed Menkaure
  4524 | D:6      | Killed Menkaure
  4769 | D:6      | Reached skill level 5 in Throwing
  5045 | D:7      | Found a shadowy altar of Dithmenos.
  5233 | D:7      | Found a broken altar of Ashenzari.
  5334 | D:7      | Found a blossoming altar of Fedhas.
  5334 | D:7      | Found a basalt altar of Yredelemnul.
  5533 | D:7      | Noticed a troll
  5540 | D:7      | Killed a troll
  5541 | D:7      | Reached XP level 9. HP: 89/89 MP: 8/8
  5901 | D:8      | Noticed a two-headed ogre
  5921 | D:8      | Killed a two-headed ogre
  6307 | D:8      | Reached skill level 10 in Unarmed Combat
  6352 | D:8      | Gained mutation: You are slightly weak-willed. (Will-) [Ru
                  | sacrifice]
  6352 | D:8      | Reached ** piety under Ru
  6352 | D:8      | Reached *** piety under Ru
  6431 | D:8      | Reached XP level 10. HP: 98/98 MP: 9/9
  6452 | D:8      | Reached skill level 5 in Dodging
  6590 | D:8      | Found Zin's Purification Station.
  6594 | D:8      | Found a glowing silver altar of Zin.
  7130 | D:8      | Found a staircase to the Lair.
  7380 | D:9      | Noticed Joseph
  7397 | D:9      | Killed Joseph
  7581 | D:9      | Noticed Maggie
  7587 | D:9      | Killed Maggie
  7722 | D:9      | Noticed a two-headed ogre
  7745 | D:9      | Killed a two-headed ogre
  7762 | D:9      | Noticed Erica
  7852 | D:9      | Killed Erica
  8046 | D:9      | Reached XP level 11. HP: 108/113 MP: 10/10
  8279 | D:10     | Entered Level 10 of the Dungeon
  8557 | D:10     | Noticed Harold
  8574 | D:10     | Killed Harold
  8667 | D:10     | Noticed Sonja
  8669 | D:10     | Noticed Lodul
  8675 | D:10     | Killed Sonja
  8755 | D:11     | Found a portal to a secret trove of treasure.
  8824 | D:11     | Noticed a white ugly thing
  8901 | D:11     | Reached skill level 10 in Fighting
  8904 | D:11     | Reached skill level 1 in Evocations
  8935 | D:11     | Killed a white ugly thing
  9035 | D:11     | Noticed a red ugly thing
  9051 | D:11     | Killed a red ugly thing
  9087 | D:11     | Noticed a boulder beetle
  9101 | D:11     | Killed a boulder beetle
  9293 | D:11     | Reached skill level 1 in Armour
  9379 | D:11     | Noticed a four-headed hydra
  9384 | D:11     | Killed a four-headed hydra
  9447 | D:11     | You fall into a shaft and drop 1 floor!
 10052 | D:10     | Killed Lodul
 10155 | D:10     | Found a staircase to the Orcish Mines.
 10366 | Lair:1   | Entered Level 1 of the Lair of Beasts
 10372 | Lair:1   | Reached skill level 5 in Armour
 10372 | Lair:1   | Reached XP level 12. HP: 109/126 MP: 11/11
 10389 | Lair:1   | You fall into a shaft and drop 1 floor!
 10389 | Lair:2   | Found a staircase to the Shoals.
 10583 | Lair:1   | Noticed a four-headed hydra
 10753 | Lair:2   | Noticed a death yak
 11202 | Lair:1   | Killed a four-headed hydra
 11486 | Lair:2   | Noticed a five-headed hydra
 11492 | Lair:2   | Killed a five-headed hydra
 11695 | Lair:2   | Killed a death yak
 11696 | Lair:2   | Reached skill level 10 in Throwing
 11893 | Lair:2   | Noticed Gastronok
 11909 | Lair:2   | Killed Gastronok
 11910 | Lair:2   | Reached skill level 5 in Evocations
 12086 | Lair:2   | Found a staircase to the Snake Pit.
 12194 | Lair:3   | Noticed a six-headed hydra
 12197 | Lair:3   | Noticed a four-headed hydra
 12201 | Lair:3   | Noticed a four-headed hydra
 12480 | Lair:2   | Killed a five-headed hydra
 12701 | Lair:3   | Killed a four-headed hydra
 12702 | Lair:3   | Reached XP level 13. HP: 133/133 MP: 12/12
 12718 | Lair:3   | Found the +1 robe of Vines {NoPotionHeal Regen++++}
 13883 | Lair:4   | Found a staircase to the Slime Pits.
 13883 | Lair:4   | Found a viscous altar of Jiyva.
 13893 | Lair:4   | Identified the +0 leather armour of Ryud {Harm rF+}
 14328 | Lair:4   | Gained mutation: You are sensitive to extremes of
                  | temperature. (rF-, rC-) [Ru sacrifice]
 14328 | Lair:4   | Reached **** piety under Ru
 14328 | Lair:4   | Reached ***** piety under Ru
 14734 | Lair:5   | Entered Level 5 of the Lair of Beasts
 15044 | Lair:5   | Reached XP level 14. HP: 118/146 MP: 13/13
 15145 | Lair:5   | Noticed LustLizard's ghost (journeyman TrFi)
 15155 | Lair:5   | Identified the +8 chain mail "Oredda" {rElec Will- Int+4
                  | SInv}
 15187 | Lair:5   | Found a transporter.
 15187 | Lair:5   | Found a transporter.
 16397 | Lair:5   | Found a corrupted altar of Lugonu.
 16397 | Lair:5   | Found a one-way gate to the infinite horrors of the Abyss.
 16695 | Orc:1    | Entered Level 1 of the Orcish Mines
 16715 | Orc:1    | Reached skill level 15 in Unarmed Combat
 16853 | Orc:1    | Gained mutation: You are somewhat inexperienced. (-1 XL)
                  | [Ru sacrifice]
 16853 | Orc:1    | Reached XP level 13. HP: 137/137 MP: 12/12
 16853 | Orc:1    | Reached ****** piety under Ru
 16902 | Orc:2    | Entered Level 2 of the Orcish Mines
 17388 | Orc:2    | Found a staircase to the Elven Halls.
 17624 | Orc:2    | Found Toshac's General Store.
 17624 | Orc:2    | Found Enloful's Antique Armour Emporium.
 17626 | Orc:2    | Found Neuf's Antique Armour Shop.
 17629 | Orc:2    | Found Solics's Distillery.
 17798 | Orc:1    | Paralysed by an orc sorcerer for 3 turns
 18091 | Orc:1    | Found Gethreash's General Store.
 18094 | Orc:1    | Found Xierio's Specific Store.
 18299 | Orc:2    | Bought the -2 hat of the Alchemist {rElec rPois rF+ rC+ rN+
                  | Will+ rMut rCorr} for 1227 gold pieces
 18299 | Orc:2    | Found the -2 hat of the Alchemist {rElec rPois rF+ rC+ rN+
                  | Will+ rMut rCorr}
 18876 | D:12     | Reached skill level 10 in Evocations
 19900 | D:13     | Reached XP level 14. HP: 83/146 MP: 13/13
 20855 | D:14     | Reached skill level 1 in Shields
 21801 | D:14     | Found a blossoming altar of Fedhas.
 22419 | D:14     | Found a gate to the Vaults.
 22649 | D:15     | Entered Level 15 of the Dungeon
 22994 | D:15     | Reached skill level 5 in Shields
 23155 | D:15     | Found a staircase to the Depths.
 24168 | Snake:1  | Entered Level 1 of the Snake Pit
 24661 | Snake:2  | Noticed Vashnia
 24717 | Snake:2  | Killed Vashnia
 25097 | Snake:4  | Entered Level 4 of the Snake Pit
 25197 | Snake:4  | Noticed a nagaraja
 25210 | Snake:4  | Killed a nagaraja
 25249 | Snake:4  | Reached XP level 15. HP: 68/153 MP: 14/14
 25638 | Snake:4  | Reached skill level 10 in Shields
 27356 | Snake:4  | Got a serpentine rune of Zot
 27665 | Shoals:1 | Entered Level 1 of the Shoals
 27847 | Shoals:1 | Noticed a kraken
 27891 | Shoals:1 | Killed a kraken
 27897 | Shoals:1 | Noticed Josephine
 27990 | Shoals:1 | Killed Josephine
 28143 | Shoals:1 | Reached XP level 16. HP: 113/138 MP: 15/15
 28169 | Shoals:2 | Found Exyst's General Store.
 28368 | Shoals:2 | Noticed Ilsuiw
 28385 | Shoals:2 | Killed Ilsuiw
 28522 | Shoals:1 | Reached skill level 15 in Shields
 28551 | Shoals:2 | Identified a scroll of acquirement
 28556 | Shoals:2 | Noticed Donald
 28570 | Shoals:2 | Killed Donald
 29118 | Shoals:3 | Found a runed translucent door.
 29118 | Shoals:3 | Found a shimmering altar of Xom.
 29118 | Shoals:3 | Noticed finalsalamander's ghost (adept HOMo)
 29118 | Shoals:3 | Identified the +8 great mace of the Land of Plenty {chaos,
                  | rF- rN+ Stlth+}
 29122 | Shoals:3 | Noticed Mlioglotl
 29141 | Shoals:3 | Killed Mlioglotl
 29226 | Shoals:4 | Entered Level 4 of the Shoals
 29269 | Shoals:4 | Killed from afar by a wind drake

Illustrated notes

Levels and vault maps discovered:
D:1:      nzn_arrival_settlement, layout_basic,
          shapermc_ecumenical_altar_rom_forum, minmay_pentomino_s2
D:2:      layout_basic, basic_altar, minmay_misc_feat_four_crosses,
          minmay_indecisive_spiral
D:3:      layout_loops_ring, old_standard_altar
D:4:      layout_rooms, mainiacjoe_overflow_alcove_4,
          minmay_temple_entry_statues, guppyfry_early_orc_mine
D:5:      layout_basic, uniq_blork_the_orc, uniq_eustachio
D:6:      layout_loops_cross, uniq_menkaure
D:7:      layout_rooms, lemuel_round_altar, evilmike_ruin_ashenzari,
          nicolae_overflow_two_pavilions
D:8:      layout_loops_ring, zin_purify, erik_lair_island
D:9:      layout_long_grid, uniq_joseph, uniq_erica, uniq_maggie
D:10:     layout_roguey, orc_0_dummy, uniq_harold, uniq_sonja, uniq_lodul
D:11:     layout_layer_cave, nicolae_trove_entry_free_sample
D:12:     layout_roguey, nzn_random_ring
D:13:     layout_roguey, serial_co_window_serial, co_window_paths_b,
          co_window_corner_a, co_window_paths_a, co_window_paths_a,
          co_window_corner_a, co_window_unsneaky_path_c, co_window_broadway_c,
          co_window_broadway_b, co_window_2corner, co_window_2corner,
          co_window_4corner_a, glass_columns_b, glass_columns_b,
          glass_columns_c, glass_columns_b, glass_columns_b
D:14:     layout_grid_maze, grunt_vaults_entry_fortified, fedhas_altar_2
D:15:     gammafunk_depths_entry_grave, layout_basic,
          hangedman_abyss_or_decor_clamps
Temple:   hellmonk_temple_divided_pantheon
Lair:1:   layout_cave_pods, serial_bayou_shore_a
Lair:2:   layout_cave_pods, shoals_dummy_entry, guppyfry_snake_entry_island,
          grunt_megastairs_3, uniq_gastronok
Lair:3:   layout_misc_corridors, hellmonk_guarded_unrand_vines
Lair:4:   nzn_winding_woodlands_medium [nzn_winding_woodlands_5x5_default,
          nzn_winding_woodlands_5x15_default, nzn_winding_woodlands_5x5_cross,
          nzn_winding_woodlands_5x5_checkerboard,
          nzn_winding_woodlands_center_garden,
          nzn_winding_woodlands_5x5_open_star,
          nzn_winding_woodlands_5x5_default, nzn_winding_woodlands_5x15_default,
          nzn_winding_woodlands_5x5_default], layout_long_grid, slime_entry_1
Lair:5:   hellmonk_lair_end_abyssal_woods, layout_small_grid, nzn_ghost_randoct,
          infiniplex_staircase_pool_2
Shoals:1: layout_shoals, uniq_josephine
Shoals:2: layout_shoals, serial_shops, shop, shop, uniq_donald, uniq_ilsuiw
Shoals:3: layout_shoals, ebering_ghost_xom, uniq_mlioglotl
Shoals:4: shoals_end_hangedman, layout_shoals, nicolae_shoals_square_sea_wall,
          uniq_aizul
Snake:1:  layout_misc_corridors, st_stairs_12, nicolae_snake_gridmaze_big_u,
          nicolae_snake_salamander_zone, grunt_megastairs_5
Snake:2:  layout_basic, drop_trap, minmay_shoptagon, uniq_vashnia
Snake:3:  layout_gridlike, gammafunk_ghost_split, nicolae_integral_box
Snake:4:  snake_pit_salamanders_mu, layout_onion
Orc:1:    layout_caves, basic_altar, hangedman_feature_mirror,
          nicolae_specific_store, roderic_batcave, statue_in_the_mist_lemuel
Orc:2:    st_orc_rangers, layout_caves

Skill      XL: |  1  2  3  4  5  6  7  8  9 10 11 12 13 14 15 16 |
---------------+-------------------------------------------------+-----
Unarmed Combat | 4 5 6 8 10 11 13 15 | 15.3
Fighting       | 2 4 5 6 8 10 11 | 11.1
Throwing       | 2 4 6 7 8 10 12 | 12.1
Dodging        | 4 5 |  5.4
Evocations     | 4 6 10 | 10.0
Armour         | 5 |  5.9
Shields        | 9 14 15 | 15.0

Action                   |  1- 3 |  4- 6 |  7- 9 | 10-12 | 13-15 | 16-18 || total
-------------------------+-------+-------+-------+-------+-------+-------++-------
Melee: Unarmed           |    93 |    85 |   183 |   435 |  1312 |   153 ||  2261
       Punch             |     2 |     3 |     8 |    32 |    62 |       ||   107
Throw: Throwing net      |       |       |     3 |     6 |       |       ||     9
       Boomerang         |       |       |     8 |    42 |   166 |    18 ||   234
       Dart              |       |       |     3 |    24 |       |     7 ||    34
       Large rock        |       |       |       |     7 |       |       ||     7
       Stone             |       |       |       |    17 |    18 |     4 ||    39
Invok: Sacrifice Arcana  |       |       |     1 |       |       |       ||     1
       Sacrifice Essence |       |       |     1 |       |       |       ||     1
       Reject Sacrifices |       |       |       |     1 |       |       ||     1
       Apocalypse        |       |       |       |       |     7 |     3 ||    10
       Power Leap        |       |       |       |       |     3 |       ||     3
       Sacrifice Experie |       |       |       |       |     1 |       ||     1
       Sacrifice Resista |       |       |       |       |     1 |       ||     1
       Draw Out Power    |       |       |       |       |     2 |       ||     2
Evoke: Wand              |       |       |       |    20 |     1 |       ||    21
  Use: Scroll            |       |       |    12 |    17 |     7 |     1 ||    37
       Potion            |       |       |       |     9 |     4 |     1 ||    14
 Stab: Sleeping          |     1 |       |       |       |     2 |       ||     3
       Distracted        |       |       |       |     1 |     8 |       ||     9
       Confused          |       |       |       |     1 |       |       ||     1
       Paralysed         |       |       |       |       |    30 |     6 ||    36
       Invisible         |       |       |       |       |    16 |     3 ||    19
Armor: Troll leather arm |    34 |    24 |    38 |   112 |    15 |       ||   223
       Robe              |       |       |       |       |   135 |       ||   135
       Fire dragon scale |       |       |       |       |    82 |    21 ||   103
Dodge: Dodged            |    29 |    36 |    62 |   236 |   424 |    31 ||   818
Block: Other             |       |       |    24 |    61 |   123 |       ||   208
       Reflection        |       |       |     2 |     2 |    74 |    36 ||   114
       Orb               |       |       |       |    14 |       |       ||    14
       Kite shield       |       |       |       |       |   150 |       ||   150
       Tower shield      |       |       |       |       |   323 |   188 ||   511
